 Dungeon Crawl Stone Soup version 0.30.0-5-g1a98f26d00 (webtiles) character file.

Game seed: 12119113120795216076

77 Edyrem the Magician (level 4, -2/24 HPs)
             Began as a Deep Elf Earth Elementalist on May 10, 2023.
             Slain by Sigmund
             ... wielding a +0 scythe
              (5 damage)
             ... on level 3 of the Dungeon.
             The game lasted 00:10:44 (1552 turns).

Edyrem the Magician (Deep Elf Earth Elementalist)   Turns: 1552, Time: 00:10:44

Health: -2/24      AC:  4    Str:  5    XL:     4   Next: 14%
Magic:  13/13      EV: 12    Int: 28    God:
Gold:   115        SH:  0    Dex: 15    Spells: 10/14 levels left

rFire   . . .        b - +0 dagger
rCold   . . .        (no shield)
rNeg    . . .        f - +0 robe
rPois   .            (no helmet)
rElec   .            o - +0 cloak
rCorr   .            l - +0 pair of gloves
SInv    .            (no boots)
Will    .....        (no amulet)
Stlth   +            k - +6 ring of intelligence
HPRegen 0.24/turn    (no ring)
MPRegen 0.13/turn

%: no passive effects
@: confused
A: no striking features
a: no special abilities


You were on level 3 of the Dungeon.
You visited 1 branch of the dungeon, and saw 3 of its levels.

You collected 115 gold pieces.

Inventory:

Hand Weapons
 a - a +0 sling
 b - a +0 dagger (weapon)
Missiles
 n - 8 poisoned darts
 q - a throwing net
Armour
 f - a +0 robe (worn)
 l - a +0 pair of gloves (worn)
 o - a +0 cloak (worn)
Jewellery
 k - a +6 ring of intelligence (left hand)
Scrolls
 e - 4 scrolls of amnesia {unknown}
 h - 2 scrolls of fog {unknown}
 j - a scroll of immolation {unknown}
 r - a scroll of poison {unknown}
 s - a scroll of enchant armour {unknown}
Potions
 c - 2 potions of degeneration {unknown}
 d - a potion of flight {unknown}
 g - 2 potions of brilliance {unknown}
 i - a potion of magic
 m - a potion of curing {unknown}
 p - a potion of heal wounds {unknown}


   Skills:
 - Level 2.4 Dodging
 - Level 2.4 Stealth
 + Level 5.7 Spellcasting
 * Level 1.0 Conjurations
 - Level 1.1 Transmutations
 * Level 3.4 Earth Magic


You had 10 spell levels left.
You knew the following spells:

 Your Spells              Type           Power      Damage    Failure   Level
a - Sandblast             Erth           54%        2d13      1%          1
b - Stone Arrow           Conj/Erth      40%        3d9       8%          3

Your spell library contained the following spells:

 Spells                   Type           Power      Damage    Failure   Level
 Passwall                 Tmut/Erth      16%        N/A       3%          2
 Petrify                  Tmut/Erth      20%        N/A       24%         4


Dungeon Overview and Level Annotations

Branches:
Dungeon (3/15)

Altars:

Annotations:
D:3 Sigmund


Message History

Aim: Sigmund, wielding a +0 scythe and wearing a +0 robe (50% to hit)
You shoot a sling bullet.
The sling bullet closely misses Sigmund.
Sigmund points at you and mumbles some strange words.
You are confused.
You're too confused to cast spells.
You're too confused to cast spells.
Non-targeted confused fire: f) +0 sling
Press: ? - help, Q - select action, (/) - cycle Dir - look around, f - activate You shoot a sling bullet.
Non-targeted confused fire: f) +0 sling
Press: ? - help, Q - select action, (/) - cycle Dir - look around, f - activate Look: Sigmund, wielding a +0 scythe and wearing a +0 robe You shoot a sling bullet.
Non-targeted confused fire: f) +0 sling
Press: ? - help, Q - select action, (/) - cycle Dir - look around, f - activate You shoot a sling bullet.
Sigmund mumbles some strange words.
Sigmund flickers and vanishes!
Deactivating autopickup; reactivate with Ctrl-A.
You bump into the rock wall.
Something barely misses you.
You feel less confused.
i - a +0 dagger (weapon)
Unknown command.
Adjust to which letter? (? for menu, Esc to quit)
b - a +0 dagger (weapon);
i - a potion of magic Adjust to which letter? (? for menu, Esc to quit)
a - a +0 sling;
f - a +0 robe (worn)
Something hits you.
You barely miss something. You hit something but do no damage.
Something hits you!
You hit something.
You hear some strange, mumbled words.
You are confused.
You bump into the rock wall.
Something hits you.
You miss something.
You bump into the rock wall.
Something hits you!
* * * LOW HITPOINT WARNING * * *
You miss something. Something hits you.
You die...

#...........#
####........#
#........# #
#........#.#
#.......... #........#
##....##### #{.......#
#@#...##.## #.##......#
..# #.##......# #.#
...........#.#.#
...###.....#.#.#
....###.......#.#
.....##......#.#.#
......##.#....#.#.####
.......##......#......#


There were no monsters in sight!

Vanquished Creatures
  2 adders (D:2)
  2 worms (D:2)
  4 dart slugs (D:1)
  4 ball pythons
  3 endoplasms
  A giant cockroach (D:2)
  4 goblins
  7 hobgoblins
  2 jackals (D:1)
  A quokka (D:1)
  3 bats (D:1)
  4 frilled lizards
  5 kobolds (D:1)
  4 rats
46 creatures vanquished.

Notes
Turn   | Place    | Note
-------+----------+-------------------------------------------
     0 | D:1      | Edyrem the Deep Elf Earth Elementalist began the quest for
                  | the Orb.
     0 | D:1      | Reached XP level 1. HP: 10/10 MP: 6/6
   166 | D:1      | Reached skill level 4 in Spellcasting
   166 | D:1      | Reached XP level 2. HP: 15/15 MP: 6/9
   510 | D:1      | Reached XP level 3. HP: 19/19 MP: 9/11
   606 | D:1      | Reached skill level 5 in Spellcasting
   811 | D:1      | Learned a level 3 spell: Stone Arrow
   846 | D:2      | Found a faded altar of an unknown god.
  1217 | D:2      | Reached skill level 1 in Conjurations
  1217 | D:2      | Reached XP level 4. HP: 24/24 MP: 10/13
  1526 | D:3      | Noticed Sigmund
  1552 | D:3      | Slain by Sigmund

Illustrated notes

Levels and vault maps discovered:
D:1:      scummos_arrival_simple_fountains, layout_basic,
          hangedman_decor_diamond_cutter, kennysheep_decorative_pillar,
          minmay_octomino_c4
D:2:      layout_rooms, chequers_ecumenical_altar_island
D:3:      layout_basic, general_overflow_altar, serial_shops,
          nicolae_shop_advertising_works [nicolae_subvault_shop_adworks],
          uniq_natasha, uniq_sigmund

Skill      XL: |  1  2  3 |
---------------+----------+-----
Spellcasting   | 4 5 |  5.7
Conjurations   | 1 |  1.0
Dodging        | |  2.4
Stealth        | |  2.4
Transmutations | |  1.1
Earth Magic    | |  3.4

Action                     |  1- 3 |  4- 6 || total
---------------------------+-------+-------++-------
  Melee: Dagger            |       |     5 ||     5
   Fire: Sling             |    25 |     9 ||    34
   Cast: Sandblast         |    48 |     3 ||    51
 Armour: Robe              |     1 |       ||     1
  Dodge: Dodged            |     8 |     1 ||     9
